 Dungeon Crawl Stone Soup version 0.26-a0-771-g060e6a62af (webtiles) character file.

Game seed: 17043043062724710671

4452 marklar909 the Ruffian (level 10, -4/83 HPs)
             Began as a Yellow Draconian Transmuter on Nov 9, 2020.
             Was an Initiate of Makhleb.
             Killed from afar by Psyche (7 damage)
             ... with a magic dart
             ... on level 9 of the Dungeon.
             The game lasted 00:16:16 (12590 turns).

marklar909 the Ruffian (DrTm)                      Turns: 12590, Time: 00:16:16

Health: -4/83      AC: -6    Str: 22    XL:     10   Next: 15%
Magic:  15/17      EV: 23    Int: 14    God:    Makhleb [......]
Gold:   422        SH:  0    Dex: 16    Spells: 8/19 levels left

rFire    . . .     SeeInvis .     - Unarmed
rCold    . . .     Faith    .   (shield currently unavailable)
rNeg     . . .     Spirit   .   (armour unavailable)
rPois    x         Reflect  .   (helmet currently unavailable)
rElec    .         Harm     .   (cloak currently unavailable)
rCorr    .         Rampage  .   (gloves currently unavailable)
MR       +....                  (boots currently unavailable)
Stlth    ++........             (no amulet)
HPRegen  0.23/turn              f - +6 ring of strength
MPRegen  0.15/turn              w - ring of protection from magic

@: spider-form, corroded
A: tiny, (spit acid), unfitting armour, AC +7
a: End Transformation, Renounce Religion


You were on level 9 of the Dungeon.
You worshipped Makhleb.
Makhleb was noncommittal.
You were a venomous arachnid creature.
You visited 1 branch of the dungeon, and saw 9 of its levels.

You collected 422 gold pieces.

Inventory:

Missiles
 t - 18 poisoned darts (quivered)
Armour
 d - a +1 pair of boots (melded)
 g - a +1 cloak (melded)
 o - a +1 pair of gloves (melded)
 y - a +0 buckler (melded)
Jewellery
 f - a +6 ring of strength (left front leg)
 l - a cursed -4 ring of intelligence {unknown}
 q - an uncursed ring of protection from fire
 w - a ring of protection from magic (right front leg)
Wands
 C - a wand of acid (14)
 D - a wand of flame (17)
 E - a wand of random effects (35)
 G - a wand of digging (5)
Scrolls
 a - 3 scrolls of fog
 b - 2 scrolls of amnesia
 h - a scroll of fear {unknown}
 k - 5 scrolls of identify
 n - a scroll of remove curse
 r - a scroll of immolation
 s - a scroll of enchant weapon
 x - 2 scrolls of teleportation
Potions
 c - a potion of might
 e - a potion of heal wounds
 i - 3 potions of lignification
 j - 2 potions of cancellation {unknown}
 m - 2 potions of mutation {unknown}
 p - 3 potions of curing {unknown}
 A - a potion of haste
 F - a potion of ambrosia {unknown}


   Skills:
 * Level 6.1 Fighting
 * Level 5.2 Dodging
 + Level 1.7 Stealth
 + Level 4.0 Shields
 + Level 7.5 Unarmed Combat
 - Level 5.0 Spellcasting
 * Level 6.8 Transmutations
   Level 2.7 Ice Magic
 + Level 3.1 Poison Magic


You had 8 spell levels left.
You knew the following spells:

 Your Spells              Type           Power        Failure   Level
a - Beastly Appendage     Tmut           ###...       5%          1
b - Wereblood             Tmut           ###.....     7%          2
c - Spider Form           Tmut/Pois      ###.......   19%         3
d - Blade Hands           Tmut           ###.......   50%         5

Your spell library contained the following spells:

 Spells                   Type           Power        Failure   Level
 Shock                    Conj/Air       #...         36%         1
 Ice Form                 Ice/Tmut       ###.....     45%         4
 Swiftness                Air            #.......     47%         2
 Static Discharge         Conj/Air       #.......     67%         3
 Irradiate                Conj/Tmut      ##........   89%         5
 Airstrike                Air            #.........   95%         4
 Hydra Form               Tmut           ###.......   95%         6
 Lightning Bolt           Conj/Air       #.........   100%        5
 Statue Form              Tmut/Erth      ##.......    100%        6
 Dragon Form              Tmut           ###.......   100%        7


Dungeon Overview and Level Annotations

Branches:
Dungeon (9/15)             Temple (0/1) D:7
   Lair: D:8-11         Orc: D:9-12

Altars:
Ashenzari
Elyvilon
Fedhas
Gozag
Makhleb
Qazlal
Xom
Yredelemnul

Shops:
D:5 *

Annotations:
D:3 3 runed translucent doors, Datul's ghost, amateur DDFi; Sin92's ghost, amateur DsFi; miscthings's ghost, weakling PaDe; tinescath's ghost, amateur DsGl
D:7 Menkaure
D:9 Psyche


Innate Abilities, Weirdness & Mutations

((You can spit globs of acid.))
((Your golden yellow scales are hard. (AC +7)))
You cannot fit into any form of body armour.
((You are cold-blooded and may be slowed by cold attacks.))
((You are resistant to acid. (rCorr)))


Message History

Your primal bloodlust has ended.
You hear a zap.
A bolt of acid appears from out of thin air!
The bolt of acid misses you.
You hear some strange, mumbled words.
A puff of flame appears from out of thin air!
The puff of flame misses you. Something closely misses you.
Okay, then.
You feel much better.
You hear a zap.
A bolt of acid appears from out of thin air!
The bolt of acid hits you!!
* * * LOW HITPOINT WARNING * * *
The acid corrodes you!
You are splashed with acid!
* * * LOW HITPOINT WARNING * * *
You hear some strange, mumbled words.
A magic dart appears from out of thin air!
The magic dart hits you!
You die...

#...# ########### #...#
..........# #...# ..........#
#...# ..........# #...#
..........# #...########### #
..........####.............###
.....................<........
####......{s................
#..######................ #..#
######........... #.@#
###......... #..# #.........
#..# #######... #..# #.## #..#
. #.# #..# .. #.#


There were no monsters in sight!

Vanquished Creatures
  A two-headed ogre (D:8)
  A troll (D:6)
  Prince Ribbit (D:5)
  A water moccasin (D:8)
  An orc warrior (D:8)
  4 sky beasts
  3 ice beasts
  A phantom (D:4)
  3 ogres
  A necrophage (D:6)
  4 centaurs
  A gnoll sergeant (D:6)
  A bullfrog (D:6)
  A water moccasin zombie (D:6)
  3 scorpions
  5 wights (D:8)
  3 howler monkeys
  A bullfrog zombie (D:6)
  A quasit (D:9)
  4 hounds
  2 orc priests
  A centaur skeleton (D:4)
  3 iron imps (D:8)
  2 jellies (D:6)
  Ijyb (D:5)
  Natasha (thrice) (D:2)
  An iguana (D:4)
  4 orc wizards
  7 worker ants
  2 hound skeletons
  A worker ant zombie (D:7)
  Robin (D:4)
  9 gnolls
  15 adders
  A white imp (D:6)
  3 adder skeletons
  2 adder zombies
  A worm (D:4)
  A dart slug (D:4)
  3 leopard geckos
  14 orcs
  5 giant cockroaches
  2 gnoll zombies (D:4)
  9 hobgoblins
  4 jackals
  4 quokkas
  A ball python (D:1)
  2 bats
  4 frilled lizards
  15 goblins
  7 kobolds
  8 rats
179 creatures vanquished.

Notes
Turn   | Place    | Note
-------+----------+-------------------------------------------
     0 | D:1      | marklar909 the Draconian Transmuter began the quest for the
                  | Orb.
     0 | D:1      | Reached XP level 1. HP: 16/16 MP: 3/3
   444 | D:1      | Reached XP level 2. HP: 10/23 MP: 0/5
   874 | D:2      | Learned a level 2 spell: Wereblood
   962 | D:2      | Reached XP level 3. HP: 21/28 MP: 1/6
   968 | D:2      | HP: 1/28 [gnoll/+0 spear (7)]
   989 | D:3      | HP: 1/28 [adder (2)]
   993 | D:3      | Reached skill level 4 in Unarmed Combat
  1509 | D:2      | Noticed Natasha
  1518 | D:2      | Killed Natasha
  1518 | D:2      | Reached XP level 4. HP: 21/35 MP: 4/7
  1656 | D:2      | Noticed Natasha
  1671 | D:2      | Killed Natasha
  1746 | D:2      | Noticed Natasha
  1753 | D:2      | Killed Natasha
  1753 | D:2      | Reached XP level 5. HP: 25/40 MP: 5/9
  1993 | D:2      | Learned a level 3 spell: Spider Form
  3306 | D:3      | Found an opulent altar of Gozag.
  3646 | D:3      | Found a runed translucent gate.
  3646 | D:3      | Found a runed translucent gate.
  3648 | D:3      | Noticed miscthings's ghost (weakling PaDe)
  3649 | D:3      | Noticed Sin92's ghost (amateur DsFi)
  3649 | D:3      | Noticed tinescath's ghost (amateur DsGl)
  3651 | D:3      | Found a runed translucent gate.
  3651 | D:3      | Noticed Datul's ghost (amateur DDFi)
  3905 | D:4      | Noticed a sky beast
  3950 | D:4      | Killed a sky beast
  3950 | D:4      | Reached skill level 1 in Poison Magic
  3950 | D:4      | Reached XP level 6. HP: 17/48 MP: 9/11
  4671 | D:4      | Learned a level 4 spell: Ice Form
  4739 | D:4      | Found a basalt altar of Yredelemnul.
  4817 | D:4      | Noticed Robin
  4843 | D:4      | Killed Robin
  5054 | D:4      | Your scales start taking on a golden yellow colour.
  5054 | D:4      | Reached XP level 7. HP: 21/55 MP: 7/12
  5054 | D:4      | Gained mutation: You are resistant to acid. (rCorr) [Yellow
                  | Draconian growth]
  5061 | D:4      | Reached skill level 5 in Unarmed Combat
  5478 | D:5      | Entered Level 5 of the Dungeon
  5480 | D:5      | Reached skill level 1 in Shields
  5480 | D:5      | Reached skill level 1 in Ice Magic
  5491 | D:5      | Found Homuc's Elemental Accessories.
  6008 | D:5      | Found a stormy altar of Qazlal.
  6133 | D:5      | Noticed Prince Ribbit
  6144 | D:5      | Killed Prince Ribbit
  6144 | D:5      | Reached XP level 8. HP: 42/63 MP: 11/14
  6330 | D:5      | Reached skill level 1 in Stealth
  6562 | D:5      | Noticed Ijyb
  6574 | D:5      | Killed Ijyb
  6666 | D:6      | Reached skill level 6 in Unarmed Combat
  7778 | D:6      | Noticed a troll
  7814 | D:6      | HP: 2/66 [troll (10)]
  7821 | D:6      | Killed a troll
  7821 | D:6      | Reached XP level 9. HP: 3/71 MP: 16/16
  8829 | D:6      | Reached skill level 5 in Transmutations
  9061 | D:6      | Learned a level 5 spell: Blade Hands
  9456 | D:7      | Noticed Menkaure
  9790 | D:7      | Found a broken altar of Ashenzari.
 10113 | D:7      | Found a staircase to the Ecumenical Temple.
 10765 | D:8      | Found a burning altar of Makhleb.
 10790 | D:8      | Reached skill level 5 in Spellcasting
 10801 | D:8      | Became a worshipper of Makhleb the Destroyer
 11079 | D:8      | Reached skill level 7 in Unarmed Combat
 11345 | D:8      | Reached skill level 5 in Fighting
 11352 | D:8      | Found a blossoming altar of Fedhas.
 11423 | D:8      | Noticed a two-headed ogre
 11450 | D:8      | Killed a two-headed ogre
 11678 | D:8      | Reached XP level 10. HP: 52/83 MP: 10/17
 11997 | D:8      | Reached skill level 5 in Dodging
 12224 | D:8      | Found a shimmering altar of Xom.
 12542 | D:9      | Found a white marble altar of Elyvilon.
 12565 | D:9      | Noticed Psyche
 12590 | D:9      | HP: 3/83 [acid (17)]
 12590 | D:9      | Killed from afar by Psyche

Illustrated notes

Levels and vault maps discovered:
D:1:      dpeg_arrival_arbitrary_b, layout_rooms
D:2:      layout_basic, uniq_natasha
D:3:      layout_loops_ring, marbit_many_paths, gammafunk_ghost_cemetery,
          grunt_ministairs_5
D:4:      layout_loops_ring, lemuel_zombie_altar_yredelemnul, minmay_ruptured,
          uniq_robin
D:5:      layout_loops_ring, lemuel_crystal_altar, st_stairs_7, minivault_11,
          nicolae_elemental_shop, minmay_misc_feat_x, uniq_ijyb,
          uniq_prince_ribbit1
D:6:      layout_basic, glass_columns_a, hangedman_minor_gate_pass
D:7:      layout_layer_cave, evilmike_ruin_ashenzari,
          minmay_temple_entry_poolview, uniq_menkaure
D:8:      layout_basic, fedhas_bush_and_centaur_altar, demons_altar,
          kennysheep_little_box
D:9:      layout_irregular_city, elyvilon_altar_5, enter_bailey_2, uniq_psyche

Skill      XL: |  1  2  3  4  5  6  7  8  9 10 |
---------------+-------------------------------+-----
Unarmed Combat | 4 5 6 7 |  7.5
Dodging        | 2 3 4 5 |  5.2
Transmutations | 3 4 6 |  6.8
Spellcasting   | 3 4 5 |  5.0
Poison Magic   | 1 2 3 |  3.1
Fighting       | 2 3 5 6 |  6.1
Shields        | 2 3 4 |  4.0
Ice Magic      | 2 |  2.7
Stealth        | 1 |  1.7

Action                   |  1- 3 |  4- 6 |  7- 9 | 10-12 || total
-------------------------+-------+-------+-------+-------++-------
Melee: Unarmed           |    66 |   165 |   269 |    36 ||   536
       Kick              |    10 |    29 |    28 |       ||    67
       Headbutt          |     7 |    17 |    13 |       ||    37
       Tailslap          |     5 |    16 |    10 |     1 ||    32
       Punch             |     1 |     3 |     1 |       ||     5
 Cast: Beastly Appendage |    22 |    30 |     8 |       ||    60
       Wereblood         |     5 |    24 |    15 |     1 ||    45
       Spider Form       |       |     7 |    32 |     6 ||    45
       Ice Form          |       |       |     4 |       ||     4
       Blade Hands       |       |       |     3 |       ||     3
 Abil: Breathe Acid      |       |       |    14 |       ||    14
Evoke: Wand              |       |       |     1 |     1 ||     2
  Use: Potion            |     1 |       |       |     1 ||     2
       Scroll            |       |       |    14 |       ||    14
 Stab: Sleeping          |       |       |     1 |       ||     1
Armor: Skin              |    13 |    46 |    30 |     3 ||    92
Dodge: Dodged            |    39 |    84 |   183 |    30 ||   336
Block: Buckler           |       |       |    10 |     1 ||    11

Table legend: (Time is in decaauts)
 A = Elapsed time spent in this place.
 B = Non-inter-level travel time spent in this place.
 C = Inter-level travel time spent in this place.
 D = Time resting spent in this place.
 E = Time spent auto-exploring this place.
 F = Levels seen in this place.
 G = Mean time per level.
                   A        B        C        D        E       F      G
               +--------+--------+--------+--------+--------+-----+--------+
         Total |  12552 |  12224 |    328 |   2141 |   8485 |   9 | 1394.7 |
       Dungeon |  12552 |  12224 |    328 |   2141 |   8485 |   9 | 1394.7 |
               +--------+--------+--------+--------+--------+-----+--------+

Top non-repeatable levels by time:
     D:6: 1891 daAuts
     D:5: 1879 daAuts
     D:8: 1704 daAuts
     D:4: 1619 daAuts
     D:2: 1578 daAuts
     D:7: 1433 daAuts
     D:3: 1421 daAuts
     D:1: 856 daAuts
     D:9: 167 daAuts
